 Dungeon Crawl Stone Soup version 0.17-a0-1798-g879a7aa (webtiles) character file.

70 AvaKnavely the Chiller (level 4, -1/27 HPs)
             Began as a High Elf Ice Elementalist on Sept 10, 2015.
             Splashed with acid (15 damage)
             ... on level 2 of the Dungeon.
             The game lasted 00:14:19 (1918 turns).

AvaKnavely the Chiller (High Elf Ice Elementalist)  Turns: 1918, Time: 00:14:19

Health: -1/27      AC: -2    Str:  7    XL:     4   Next: 3%
Magic:  5/10       EV: 13    Int: 19    God:
Gold:   152        SH:  0    Dex: 16    Spells: 4 memorised, 0 levels left

rFire  . . .     SeeInvis .     h - +0 hand axe
rCold  . . .     Clarity  .     a - +0 robe
rNeg   . . .     SustAt   .     (no shield)
rPois  .         Gourm    .     (no helmet)
rElec  .         Spirit   .     (no cloak)
rCorr  .         Warding  .     (no gloves)
rMut   .         Stasis   .     (no boots)
MR     .....                    (no amulet)
Stlth  ++........               (no ring)
                                (no ring)

@: corroded equipment, very slightly contaminated, not resistant to hostile
enchantments, unstealthy
A: no striking features
a: no special abilities


You were on level 2 of the Dungeon.
You were not hungry.

You visited 1 branch of the dungeon, and saw 2 of its levels.

You collected 152 gold pieces.

Inventory:

Hand weapons
 h - a +0 hand axe (weapon)
 n - a +1 mace of pain
Armour
 a - a +0 robe (worn)
 o - a +0 pair of boots
Scrolls
 d - 2 scrolls of identify {unknown}
 g - a scroll of fear {unknown}
 j - a scroll of enchant armour {unknown}
 k - 2 scrolls of remove curse {unknown}
Potions
 e - a potion of curing {unknown}
 i - a potion of lignification {unknown}
 l - 3 potions of brilliance {unknown}
 m - a potion of invisibility {unknown}
 p - 2 potions of heal wounds {unknown}
Books
 b - a book of Frost

   Spells                             Type                      Level
   a - Freeze                         Ice                          1
   b - Throw Frost                    Conjuration/Ice              2
   c - Ozocubu's Armour               Charms/Ice                   3
   d - Throw Icicle                   Conjuration/Ice              4
   e - Summon Ice Beast               Ice/Summoning                4
   f - Condensation Shield            Ice                          4
Comestibles
 c - 2 bread rations
 f - a meat ration
 q - 2 chunks of flesh


   Skills:
 + Level 0.2 Fighting
 - Level 2.3 Dodging
 - Level 2.4 Stealth
 * Level 3.6 Spellcasting
 - Level 1.1 Conjurations
 * Level 4.0 Ice Magic


You couldn't memorise any spells.
You knew the following spells:

 Your Spells              Type           Power        Failure   Level  Hunger
a - Freeze                Ice            ###.         3%          1    None
b - Throw Frost           Conj/Ice       ##....       10%         2    ##.....
c - Ozocubu's Armour      Chrm/Ice       ##......     21%         3    ###....
d - Throw Icicle          Conj/Ice       ##......     63%         4    ####...


Dungeon Overview and Level Annotations

Branches:
Dungeon (2/15)

Altars:
Makhleb
Xom


Message History

Confirm with . or Enter, or press ? or * to list all spells.
Aiming: Freeze
Press: ? - help, Shift-Dir - straight line, f - goblin
Aim: a goblin, wielding a dagger (hasn't noticed you)
You freeze the goblin.
The goblin shouts!
You kill the goblin!
Things that are here:
a dagger; a goblin corpse You butcher the goblin corpse.
q - 3 chunks of flesh You see here a dagger.
Eat one of 3 chunks of flesh? (ye/n/q/i?) This raw flesh tastes terrible.
You continue eating. x2
You now have 152 gold pieces (gained 11).
Makhleb rains destruction down upon you!
The splash of acid hits you! The acid corrodes you!
The acid burns!
Ouch! That really hurt!
You die...

##.........##.#...###.#####.
##.......###.#..## #.#
##.....## #.#.#####.#
##...## ......##.# ##'#
###.##.##)# #.# #.....).#
#.###########.####
##.##........#.#
##...#..#####@#.#
####.......#####.#.#
...)...............#
######.##..#####.### # #.#
.# #.# #.# .. ..# #.# .....#
######.# ##### .......#


There were no monsters in sight!

Vanquished Creatures
  2 adders (D:2)
  An ooze (D:1)
  2 giant geckos (D:1)
  A ball python (D:2)
  4 bats
  2 giant cockroaches
  8 goblins
  6 hobgoblins
  10 jackals
  2 kobolds (D:1)
  6 rats
44 creatures vanquished.

Notes
Turn   | Place    | Note
--------------------------------------------------------------
     0 | D:1      | AvaKnavely the High Elf Ice Elementalist began the quest for the Orb.
     0 | D:1      | Reached XP level 1. HP: 11/11 MP: 4/4
   125 | D:1      | Reached XP level 2. HP: 12/17 MP: 1/6
   129 | D:1      | Learned a level 2 spell: Throw Frost
   977 | D:1      | Reached XP level 3. HP: 21/21 MP: 4/8
  1473 | D:2      | Found a shimmering altar of Xom.
  1473 | D:2      | Found a burning altar of Makhleb.
  1523 | D:2      | Became a worshipper of Makhleb the Destroyer
  1715 | D:2      | Fell from the grace of Makhleb
  1784 | D:2      | Reached skill level 4 in Ice Magic
  1784 | D:2      | Reached XP level 4. HP: 18/27 MP: 0/10
  1885 | D:2      | Learned a level 3 spell: Ozocubu's Armour
  1890 | D:2      | Learned a level 4 spell: Throw Icicle
  1918 | D:2      | Splashed with acid

Vault maps used:
D:1:      minmay_arrival_arboretum_small
D:2:      gammafunk_temple_overflow_wave, first_bread, uniq_robin

Action                   |  1- 3 |  4- 6 || total
-------------------------+-------+-------++-------
Melee: Unarmed           |     7 |       ||     7
       Hand axe          |    21 |       ||    21
 Cast: Freeze            |    30 |     1 ||    31
       Throw Frost       |    30 |     1 ||    31
Invok: Renounce Religion |     1 |       ||     1
  Eat: Chunk             |     4 |     1 ||     5
